Unix NetHack Version 5.0.0-0 post-release - last build May 23 2026 06:08:33 (1c0ff79ee797540d5714e4e18072db0edd9e58ae,branch:main).

Game began 2026-05-23 11:58:29, ended 2026-05-23 12:12:50.

Jobair, neutral female human Tourist

                                                 ----------
                                                 |..>.....|              -----
                                                 |........|        ######....|
                                               ##.........|              |...|
                                               ##--.----.--            ##....|
                                                #####)# #                --.--
                                                #  #  0##                  #
                                                #  #    #                  #
                                                #  ##   #                  #
                                              ###   #   #                 ##
                               ---.-----------##    #   #                 #
                               |..............########0 #                 # #
                               |.............|       #######          ----.-|-
                               |.............|      --.-.--.-         |......|
                               |.............|      |..%....|  #######.).}...|
                               ---------------      |>....)..###      |...}..|
                                                    |......_r         |<.....|
                                                    ------..@         --------

Jobair the Excursionist     St:10 Dx:12 Co:12 In:14 Wi:9 Ch:18  Neutral
Dlvl:3  $:224 HP:0(38) Pw:16(16) AC:9  Xp:6 T:1419 

Latest messages:
 You hit the elf zombie!
 The elf zombie hits!
 You miss the elf zombie.
 The elf zombie hits!
 You hit the elf zombie.
 You miss the elf zombie.
 The elf zombie hits!
 You miss the elf zombie.
 You miss the elf zombie.
 The elf zombie hits!
 You hit the elf zombie!
 The elf zombie hits!
 You hit the elf zombie!
 The elf zombie hits!
 You miss the elf zombie.
 The elf zombie hits!
 In what direction? 8
 You destroy the elf zombie!
 There is a staircase down here.
 You see here a +2 dart.
 In what direction? 6
 The dart hits the fog cloud.
 In what direction? 6
 The dart hits the fog cloud.
 In what direction? 6
 The dart hits the fog cloud.
 In what direction? 6
 The dart hits the fog cloud.
 In what direction? 6
 You destroy the fog cloud!
 In what direction? 6
 a - a +2 dart (at the ready) (16 in total).
 You see a gas cloud dissipate.
 You hear the chime of a cash register.
 You see a gas cloud dissipate.
 Are you waiting to get hit?  Use 'm' prefix to force a no-op (to rest).
 What do you want to use or apply?
 In what direction? 8
 The rabid rat is blinded by the flash!
 The rabid rat just misses!
 You see a gas cloud dissipate.
 In what direction? 8
 The dart hits the rabid rat!
 The rabid rat bites!
 You die...
 Do you want your possessions identified? [ynq] (y) y
 Do you want to see your attributes? [ynq] (y) y
 Do you want an account of creatures vanquished? [ynaq] (y) y
 Do you want to see your conduct and achievements? [ynq] (y) y
 Do you want to see the dungeon overview? [ynq] (y) y

Inventory:
 Coins    ('$')
  $ - 224 gold pieces
 Weapons  (')')
  a - 15 +2 darts (at the ready)
  m - a blessed +2 orcish dagger
  q - a +0 dwarvish mattock (weapon in hands)
 Armor    ('[')
  n - an uncursed +0 orcish helm (being worn)
  g - an uncursed +0 Hawaiian shirt with a sailboat motif
 Comestibles  ('%')
  b - 4 uncursed food rations
  c - 2 uncursed lembas wafers
  o - an uncursed tripe ration
 Scrolls  ('?')
  f - 4 uncursed scrolls of magic mapping
 Potions  ('!')
  e - 2 uncursed potions of extra healing
 Tools    ('(')
  i - an uncursed credit card
  h - an expensive camera (0:56)
  x - an uncursed magic lamp
  j - an uncursed towel
 Gems/Stones  ('*')
  s - an uncursed luckstone

Jobair the Tourist's attributes:

Background:
 You were an Excursionist, a level 6 female human Tourist.
 You were neutral, on a mission for The Lady
 who was opposed by Blind Io (lawful) and Offler (chaotic).
 You were right-handed.
 You were in the Dungeons of Doom, on level 3.
 You entered the dungeon 1419 turns ago.
 You had 521 experience points, 119 more were needed to attain level 7.

Basics:
 You had 0 out of 38 hit points.
 You had all 16 energy points (spell power).
 Your armor class was 9.
 Your wallet contained 224 zorkmids.
 Autopickup was off.

Final Characteristics:
 Your strength was 10 (limit:18/100).
 Your dexterity was 12 (limit:18).
 Your constitution was 12 (limit:18).
 Your intelligence was 14 (limit:18).
 Your wisdom was 9 (limit:18).
 Your charisma was 18 (limit:18).

Final Status:
 You weren't hungry.
 You were unencumbered.
 You were wielding a mattock.
 You were unskilled in pick-axe.

Final Attributes:
 You were devoutly aligned.
 You saw invisible.
 You were lucky.
 You had extra luck.
 Bad luck did not time out for you.
 Good luck did not time out for you.
 You are dead.

Miscellaneous:
 You didn't encounter any bones levels.
 Total elapsed playing time was 14 minutes and 21 seconds.

Major events:
 Turn
    1: Jobair the neutral female human Tourist entered the dungeon
  733: attained the rank of Sightseer (level 3)
  849: attained the rank of Excursionist (level 6)
 1419: killed by a rabid rat

You didn't know any spells.

Skills:
 Fighting Skills
   bare handed combat [Unskilled]
   two weapon combat  [Unskilled]
   riding             [Unskilled]
 Weapon Skills
   dagger             [Unskilled]
   knife              [Unskilled]
   axe                [Unskilled]
   pick-axe           [Unskilled]
   short sword        [Unskilled]
   broadsword         [Unskilled]
   long sword         [Unskilled]
   two-handed sword   [Unskilled]
   saber              [Unskilled]
   mace               [Unskilled]
   morning star       [Unskilled]
   flail              [Unskilled]
   hammer             [Unskilled]
   quarterstaff       [Unskilled]
   polearms           [Unskilled]
   spear              [Unskilled]
   trident            [Unskilled]
   lance              [Unskilled]
   bow                [Unskilled]
   sling              [Unskilled]
   crossbow           [Unskilled]
   dart               [Basic]
   shuriken           [Unskilled]
   boomerang          [Unskilled]
   whip               [Unskilled]
   unicorn horn       [Unskilled]
 Spellcasting Skills
   divination spells  [Unskilled]
   enchantment spells [Unskilled]
   escape spells      [Unskilled]

Voluntary challenges:
 Character rerolling was not enabled.
 You were illiterate.
 You never genocided any monsters.
 You never polymorphed an object.
 You used no wishes.
Achievements:
 You attained the rank of Sightseer.
 You attained the rank of Excursionist.

 The Dungeons of Doom: levels 1 to 4
    Level 1:
    Level 2:
    Level 3: <- You were here.
       An altar to The Lady.
       Final resting place for
          you, killed by a rabid rat.
    Level 4:


Vanquished creatures:
  a water demon
  3 water moccasins
 an imp
  a rock mole
  a fog cloud
  2 elf zombies
  a little dog
  a werejackal
 an acid blob
  a gnome zombie
  5 jackals
  2 goblins
  3 grid bugs
  4 lichens
  a kobold zombie
  3 newts
31 creatures vanquished.

No species were genocided or became extinct.

Game over:
                       ----------
                      /          \
                     /    REST    \
                    /      IN      \
                   /     PEACE      \
                  /                  \
                  |      Jobair      |
                  |      224 Au      |
                  |   killed by a    |
                  |    rabid rat     |
                  |                  |
                  |                  |
                  |       2026       |
                 *|     *  *  *      | *
        _________)/\\_//(\/(/\)/\//\/|_)_______

Aloha Jobair the Tourist...

You died in The Dungeons of Doom on dungeon level 3 with 2279 points,
and 224 pieces of gold, after 1419 moves.
You were level 6 with a maximum of 38 hit points when you died.

